cohdb
Replays
Latest Replays
All Replays
Popular Replays
Top Player Replays
Match Explorer
How It Works
Community
CoH3 Stats
Reddit
Sign in to upload your games and track your stats! →
Sign in with Steam
1 MINE = -3 JEEPS
Match 19390456
Overview
Messages
Build Orders
End
Construct Infanterie Kompanie
Kettenkrad Recon Vehicle
MG 42 Machine Gun Team
Grenadier Squad
Medical Bunker
Selects Italian Coastal Battlegroup
Selects Coastal Reserves
Coastal Reserve
GrW 34 Mortar Team
Construct Luftwaffe Kompanie
Selects Designate Defensive Line
Designate Defensive Line
Flak 30 Anti-aircraft Gun Team
Jäger Squad
Construct Panzer Kompanie
Selects Designated Artillery Overwatch
Selects Artillery Officer
Artillery Officer
Coastal Reserve
Medical Bunker
Panzer IV Medium Tank
Selects Call the Reserves!
Medical Bunker
Panzer IV Medium Tank
Pioneer Squad
Repair Bunker
Selects Coastal Wall
Designate Defensive Line
Panzer IV Medium Tank
Panzer Officer Quarters
Coastal Reserve
Side Skirts
Pioneer Squad
MG 42 Bunker
Panzer IV Medium Tank
Panzer IV Medium Tank
Jäger Squad
Panzer IV Medium Tank
Artillery Officer
red
calibr
TiltedTowers
Rifle
0
0
Comments
sign in to comment!
No comments posted yet!